 Dungeon Crawl Stone Soup version 0.31-a0-150-g89dc3ad700 (webtiles) character file.

Game seed: 6747318645050307698

179 qw the Shooter (level 5, 0/46 HPs)
             Began as a Minotaur Hunter on June 8, 2023.
             Succumbed to a kobold's poison
             ... on level 3 of the Dungeon.
             The game lasted 00:00:44 (1635 turns).

qw the Shooter (Minotaur Hunter)                    Turns: 1635, Time: 00:00:45

Health: 0/46       AC:  5    Str: 16    XL:     5   Next: 33%
Magic:  4/4        EV: 11    Int:  6    God:
Gold:   145        SH:  0    Dex: 15    Spells: 4/4 levels left

rFire   . . .        Y - +0 shortbow
rCold   . . .        (shield currently unavailable)
rNeg    . . .        f - +0 ring mail
rPois   .            (helmet restricted)
rElec   .            (no cloak)
rCorr   .            (no gloves)
SInv    .            (no boots)
Will    .....        (no amulet)
Stlth   +            (no ring)
HPRegen 0.27/turn    (no ring)
MPRegen 0.09/turn

%: no passive effects
@: lethally poisoned (0 -> -2)
A: horns 2, retaliatory headbutt
a: no special abilities


You were on level 3 of the Dungeon.
You visited 1 branch of the dungeon, and saw 3 of its levels.

You collected 145 gold pieces.


Innate Abilities, Weirdness & Mutations

You have a pair of horns on your head.
You reflexively headbutt those who attack you in melee.


   Skills:
 - Level 4.1 Fighting
 + Level 6.5 Ranged Weapons
 - Level 1.0 Armour
 - Level 2.1 Dodging
 - Level 0.7 Stealth


You had 4 spell levels left.
You didn't know any spells.
Your spell library was empty.

Inventory:

Hand Weapons
 Y - a +0 shortbow (weapon)
Armour
 f - a +0 ring mail (worn)
Jewellery
 j - a ring of fire
Scrolls
 c - 4 scrolls of identify
Potions
 a - a potion of berserk rage {unknown}
 g - a potion of magic {unknown}
 k - a potion of curing

Dungeon Overview and Level Annotations

Branches:
Dungeon (3/15)

Altars:

Annotations:
D:3 Ijyb


Message History

The kobold throws a poisoned dart.
The poisoned dart hits you!
You are poisoned.
You shoot an arrow. The arrow hits the kobold.
The kobold is severely wounded.
You feel very sick.
The kobold throws a poisoned dart.
The poisoned dart hits you!
You are more poisoned.
You shoot an arrow. The arrow closely misses the kobold.
You feel very sick.
The kobold throws a poisoned dart.
The poisoned dart hits you!
You are more poisoned.
You shoot an arrow. The arrow hits the kobold.
You kill the kobold!
You feel very sick.
You shoot an arrow. The arrow hits Ijyb!
Ijyb is moderately wounded.
You feel very sick. Ijyb barely misses you.
Ijyb zaps a wand.
You resist with some effort.
You shoot an arrow. The arrow barely misses Ijyb.
You feel very sick. Ijyb misses you.
You shoot an arrow. The arrow barely misses Ijyb.
You feel very sick. Ijyb barely misses you.
You shoot an arrow. The arrow hits Ijyb.
Ijyb is heavily wounded.
You feel sick. Ijyb hits you with a +0 dagger.
You shoot an arrow. The arrow barely misses Ijyb.
You feel sick.
Ijyb zaps a wand.
You resist with some effort.
You shoot an arrow. The arrow hits Ijyb but does no damage.
Ijyb is heavily wounded.
You feel sick. Ijyb hits you with a +0 dagger.
You shoot an arrow. The arrow hits Ijyb.
Ijyb is severely wounded.
You feel sick. Ijyb hits you with a +0 dagger. Ijyb barely misses you.
You furiously retaliate!
You headbutt Ijyb. You shoot an arrow. The arrow barely misses Ijyb.
You feel sick. Ijyb hits you with a +0 dagger.
You shoot an arrow. The arrow barely misses Ijyb.
You die...

##%...............##........#....
....#######+#+###.##........#....
........# #.#.# #.##........#....
........###.#.# #.######.........
........'...#%###.############...
....)...##.......................
........###.##.##.###########....
........# #.#........... #....
........# #.#...@.#### #....
........# #.#%###g.# #))..
........# #.#.# )..# #....
........# #.#.# ..... #.... #.#.#
....... #.... #.#.# ....... #...<
#%# ....(.. #.... #. .......
........ ###..#..


You could see Ijyb.

Vanquished Creatures
  Natasha (thrice) (D:2)
  2 gnolls (D:3)
  3 adders
  A worm (D:2)
  A dart slug (D:3)
  3 ball pythons
  An endoplasm (D:1)
  6 giant cockroaches
  5 goblins
  5 hobgoblins
  4 jackals (D:1)
  8 kobolds
  2 quokkas
  3 bats
  5 frilled lizards
  3 rats
55 creatures vanquished.

Notes
Turn   | Place    | Note
-------+----------+-------------------------------------------
     0 | D:1      | qw the Minotaur Hunter began the quest for the Orb.
     0 | D:1      | Reached XP level 1. HP: 18/18 MP: 0/0
     0 | D:1      | 0 ||| qw: Version: 0.2-a-119-g7aa9181
     0 | D:1      | 0 ||| qw: Game counter: 2809
     0 | D:1      | 0 ||| qw: Always use a shield: true
     0 | D:1      | 0 ||| qw: God list: Okawaru
     0 | D:1      | 0 ||| qw: Allow faded altars: false
     0 | D:1      | 0 ||| qw: Do Orc after D:15 true
     0 | D:1      | 0 ||| qw: Do second Lair branch before Depths: true
     0 | D:1      | 0 ||| qw: Lair rune preference: random
     0 | D:1      | 0 ||| qw: Plans: Normal
     0 | D:1      | 0 ||| PLANNING D:1-11
   216 | D:1      | Reached XP level 2. HP: 25/25 MP: 1/1
   309 | D:1      | Found a faded altar of an unknown god.
   316 | D:1      | Reached skill level 5 in Ranged Weapons
   467 | D:1      | 467 ||| UPGRADING to +0 ring mail.
   477 | D:1      | 477 ||| DROPPING +0 leather armour.
   478 | D:1      | 478 ||| READING scroll labelled GECWIO SUMEGAGG.
   479 | D:1      | 479 ||| DROPPING scroll of butterflies.
   558 | D:2      | Reached skill level 1 in Armour
   561 | D:2      | Reached skill level 3 in Fighting
   591 | D:2      | Noticed Natasha
   604 | D:2      | HP: 4/26 [Natasha (5)]
   605 | D:2      | Killed Natasha
   606 | D:2      | Reached XP level 3. HP: 2/31 MP: 2/2
   766 | D:2      | Reached XP level 4. HP: 38/38 MP: 3/3
   795 | D:2      | Noticed Natasha
   813 | D:2      | Killed Natasha
   814 | D:2      | Reached skill level 6 in Ranged Weapons
   901 | D:2      | Noticed Natasha
   908 | D:2      | Killed Natasha
  1152 | D:2      | 1152 ||| READING 2 scrolls labelled LOAFIN URUFREZ.
  1153 | D:2      | 1153 ||| READING scroll labelled QIUSAK MEL VYE.
  1158 | D:2      | 1158 ||| READING scroll labelled DETHRIPN HEPHE.
  1159 | D:2      | 1159 ||| READING scroll labelled QUIQEG CUUNNUTT.
  1160 | D:2      | 1160 ||| DRINKING 2 viscous ruby potions.
  1161 | D:2      | 1161 ||| DRINKING 2 glowing sapphire potions.
  1162 | D:2      | 1162 ||| READING 2 scrolls of identify.
  1162 | D:2      | 1162 ||| IDENTIFYING blue potion
  1163 | D:2      | 1163 ||| DROPPING scroll of poison.
  1164 | D:2      | 1164 ||| DROPPING potion of attraction.
  1215 | D:3      | HP: 10/40 [gnoll/+0 spear (8)]
  1216 | D:3      | 1216 ||| DRINKING potion of heal wounds.
  1220 | D:3      | Reached XP level 5. HP: 26/46 MP: 4/4
  1622 | D:3      | Noticed Ijyb
  1632 | D:3      | HP: 11/46 [Ijyb/+0 dagger (5)]
  1634 | D:3      | HP: 2/46 [Ijyb/+0 dagger (5)]
  1635 | D:3      | Succumbed to a kobold's poison

Levels and vault maps discovered:
D:1:      wander_arrival_chamber, layout_rooms,
          chequers_ecumenical_altar_simple_redux, minmay_pentomino_v4
D:2:      layout_rooms, minmay_misc_feat_tiny, uniq_natasha
D:3:      layout_basic, uniq_ijyb

Skill      XL: |  1  2  3  4 |
---------------+-------------+-----
Ranged Weapons | 5 6 |  6.5
Armour         | 1 |  1.0
Fighting       | 3 4 |  4.1
Dodging        | |  2.1
Stealth        | |  0.7

Action                     |  1- 3 |  4- 6 || total
---------------------------+-------+-------++-------
   Fire: Shortbow          |    75 |   105 ||   180
    Use: Scroll            |     1 |     5 ||     6
         Potion            |       |     3 ||     3
 Armour: Ring mail         |    12 |    11 ||    23
         Leather armour    |     5 |       ||     5
  Dodge: Dodged            |    24 |    24 ||    48

Table legend:
 A = Non-vault XP
 B = Vault XP
 C = Vault XP percentage of total XP
 D = Non-vault monster count
 E = Vault monster count
 F = Vault count percentage of total count
                 A         B        C        D         E       F
            +---------+---------+-------+---------+---------+-------
      Total |     219 |      38 |  14.8 |      52 |       3 |   5.5
            +---------+---------+-------+---------+---------+-------
        D:1 |      24 |       3 |  11.1 |      14 |       2 |  12.5
        D:2 |     113 |      35 |  23.6 |      20 |       1 |   4.8
        D:3 |      82 |       0 |   0.0 |      18 |       0 |   0.0
            +---------+---------+-------+---------+---------+-------
